 Dungeon Crawl Stone Soup version 0.25.0-10-g039870ee82 (webtiles) character file.

Game seed: 17829221933747826569

114 Matador8 the Sneak (level 4, 0/39 HPs)
             Began as a Naga Skald on June 23, 2020.
             Slain by an adder (2 damage)
             ... on level 2 of the Dungeon.
             The game lasted 00:08:46 (2410 turns).

Matador8 the Sneak (Naga Skald)                     Turns: 2410, Time: 00:08:46

Health: 0/39       AC:  2    Str: 14    XL:     4   Next: 97%
Magic:  2/7        EV:  9    Int: 14    God:
Gold:   49         SH:  0    Dex: 10    Spells: 1/7 levels left

rFire    . . .     SeeInvis +   a - +0 spear
rCold    . . .     Gourm    .   (no shield)
rNeg     . . .     Faith    .   b - +0 leather armour
rPois    +         Spirit   .   (no helmet)
rElec    .         Reflect  .   (no cloak)
rCorr    .         Harm     .   (no gloves)
MR       .....                  (no barding)
Stlth    ++........             (no amulet)
HPRegen  0.13/turn              (no ring)
MPRegen  0.10/turn              (no ring)

@: short of breath, very slightly contaminated, very slow
A: large, see invisible, deformed body, poison resistance, slowness 2, slow
metabolism 1, spit poison 1, AC +1
a: Spit Poison


You were on level 2 of the Dungeon.
You were very hungry.

You visited 1 branch of the dungeon, and saw 2 of its levels.

You collected 49 gold pieces.

Inventory:

Hand Weapons
 a - a +0 spear (weapon)
Armour
 b - a +0 leather armour (worn)
Jewellery
 h - an uncursed ring of protection from fire {unknown}
Scrolls
 e - 5 scrolls of identify {unknown}
 g - a scroll of blinking {unknown}
 k - a scroll of teleportation {unknown}
 l - 2 scrolls of remove curse {unknown}
 n - a scroll of enchant weapon {unknown}
 p - a scroll of magic mapping {unknown}
Potions
 c - a potion of stabbing {unknown}
 f - a potion of flight {unknown}
 i - a potion of ambrosia {unknown}
 m - a potion of degeneration {unknown}
Comestibles
 d - 2 rations
 o - 6 chunks of flesh


   Skills:
 - Level 2.0 Fighting
 + Level 3.1 Polearms
 - Level 0.7 Armour
 - Level 1.5 Dodging
 + Level 3.6 Stealth
 - Level 2.0 Spellcasting
 + Level 1.0 Hexes
 - Level 3.2 Charms
 + Level 1.8 Translocations


You had one spell level left.
You knew the following spells:

 Your Spells              Type           Power        Failure   Level  Hunger
a - Infusion              Chrm           ##..         8%          1    ##.....
b - Shroud of Golubria    Chrm/Tloc      #.....       16%         2    ###....
c - Spectral Weapon       Hex/Chrm       #.......     36%         3    ####...

Your spell library contained the following spells:

 Spells                   Type           Power        Failure   Level  Hunger
 Song of Slaying          Chrm           ##......     12%         2    ###....
 Ozocubu's Armour         Chrm/Ice       #.......     43%         3    ####...


Dungeon Overview and Level Annotations

Branches:
Dungeon (2/15)

Altars:
Okawaru


Innate Abilities, Weirdness & Mutations

You cannot wear boots.
Your serpentine skin is tough. (AC +1)
You have supernaturally acute eyesight. (SInv)
Armour fits poorly on your strangely shaped body.
Your system is resistant to poisons. (rPois)
You cover ground very slowly.
You have a slow metabolism.
You can spit poison.


Message History

* * * LOW HITPOINT WARNING * * *
Your shroud falls apart!
The adder closely misses you.
You can't do that yet.
Unknown command.
Unknown command.
Unknown command.
Casting: Shroud of Golubria (safe; 16% risk of failure)
Confirm with . or Enter, or press ? or * to list all spells.
Space distorts slightly along a thin shroud covering your body.
The adder barely misses you.
You have got your breath back.
The adder bites you.
* * * LOW HITPOINT WARNING * * *
Your shroud falls apart!
Press: ? - help, Shift-Dir - straight line, f/p - adder
Aim: an adder (almost dead)
The splash of poison misses the adder.
You feel slightly more hungry. The adder bites you.
You die...

.....................#.###
###################..#...##
.....)............#..#.#..#
..####....#...##..#....#..#
### #....#...# #.#.##.#..#
######....##..###.#.##.#..###
#........###......#.#.........
#....#...# ##.....#.#.########
#....#...#
###.@†#.#.#########.
#...##..## ####S#...>.........
#.####..# #†...#.#..#########
.......## #.......#.#..#
......## ......S....#..#
....### .........#.#..###
.#### ####.###.#.#....# ## ..
#.#.##.#.# .. #.#.÷..#.#


You could see an adder.

Vanquished Creatures
  A gnoll (D:1)
  3 adders (D:2)
  2 oozes (D:2)
  A worm (D:2)
  5 dart slugs
  2 giant cockroaches
  6 goblins
  9 hobgoblins
  3 jackals (D:2)
  5 kobolds
  A quokka (D:2)
  2 ball pythons (D:2)
  6 bats
  3 frilled lizards
  7 rats
56 creatures vanquished.

Notes
Turn   | Place    | Note
-------+----------+-------------------------------------------
     0 | D:1      | Matador8 the Naga Skald began the quest for the Orb.
     0 | D:1      | Reached XP level 1. HP: 19/19 MP: 3/3
   112 | D:1      | Reached skill level 1 in Stealth
   112 | D:1      | Reached XP level 2. HP: 6/26 MP: 0/5
   362 | D:1      | Learned a level 2 spell: Shroud of Golubria
   699 | D:1      | Reached XP level 3. HP: 28/32 MP: 3/6
  1118 | D:1      | Reached skill level 1 in Translocations
  1483 | D:2      | Found an iron altar of Okawaru.
  1686 | D:2      | Learned a level 3 spell: Spectral Weapon
  1705 | D:2      | Reached XP level 4. HP: 39/39 MP: 5/7
  2397 | D:2      | Reached skill level 1 in Hexes
  2410 | D:2      | Slain by an adder

Illustrated notes

Levels and vault maps discovered:
D:1:      tarquinn_simple_flora_water_d, layout_basic
D:2:      minmay_recursive_quarters, layout_basic, old_standard_altar,
          minmay_tetromino_i2

Skill      XL: |  1  2  3  4 |
---------------+-------------+-----
Stealth        | 1 2 3 |  3.6
Translocations | 1 |  1.8
Polearms       | 3 |  3.1
Hexes          | 1 |  1.0
Fighting       | |  2.0
Armour         | |  0.7
Dodging        | |  1.5
Spellcasting   | |  2.0
Charms         | |  3.2

Action                   |  1- 3 |  4- 6 || total
-------------------------+-------+-------++-------
Melee: Spear             |   107 |    97 ||   204
 Cast: Infusion          |     9 |     2 ||    11
       Shroud of Golubri |     1 |     7 ||     8
 Abil: Spit Poison       |     7 |     8 ||    15
  Use: Potion            |       |     3 ||     3
 Stab: Sleeping          |     5 |     3 ||     8
  Eat: Chunk             |     2 |     2 ||     4
Armor: Leather armour    |    16 |    23 ||    39
Dodge: Dodged            |    45 |    56 ||   101
